AoeStats
← GAX | Urubu

Black Forest

506630226Analyzed
3v3 RM · 19d ago on Sep 14, 2026· 43m 3s· 6 players
Game mode
Random Map
Map size
Normal (6 player)
Population
200
Speed
Normal
Resources
Standard
Victory
Conquest
Starting age
Dark Age
Ending age
Imperial Age
RankedLock teamsTeams togetherTeam positionsShared explorationLock speedFull tech treeHidden civsTurbo modeCheats
Victory
Defeat
🇨🇳 Huns · China
1396
+19
🇨🇳 Koreans · China
1391
+20
🇨🇳 Armenians · China
1377
+20
🇧🇷 Muisca · Brazil
1586
-24
🇨🇭 Mongols · Switzerland
1443
-19
🇺🇸 Saracens · United States
1385
-16
Skirm2OP
7:03 Loom
11:29 Feudal Age
15:04 Castle Age
13:22 Double-Bit Axe
16:03 Bow Saw
16:26 Horse Collar
21:39 Fishing Lines
24:09 Wheelbarrow
25:59 Gillnets
26:08 Gold Mining
26:09 Stone Mining
26:35 Heavy Plow
29:49 Imperial Age
28:21 Scale Barding Armor
29:47 Chain Barding Armor
30:36 Bloodlines
30:27 Husbandry
31:07 Plate Barding Armor
30:02 Elite Mameluke
31:03 Conscription
31:45 Hand Cart
32:16 Forging
35:33 Iron Casting
35:40 Capped Ram
37:12 Caravan
40:34 Light Cavalry
lorddoc
1:15 Loom
14:04 Feudal Age
21:50 Castle Age
19:57 Double-Bit Axe
26:00 Horse Collar
26:53 Bow Saw
33:23 Imperial Age
31:20 Padded Archer Armor
31:11 Fletching
31:31 Gold Mining
31:42 Fishing Lines
32:29 Stone Mining
33:29 Bodkin Arrow
33:50 Leather Archer Armor
33:47 Bloodlines
33:38 Husbandry
34:29 Conscription
34:12 Bracer
34:47 Nomads
35:49 Wheelbarrow
37:18 Hand Cart
37:31 Parthian Tactics
37:12 Thumb Ring
39:53 Elite Mangudai
41:40 Gold Shaft Mining
41:27 Ballistics
42:08 Chemistry
41:21 Masonry
GAX | Urubu
8:58 Loom
11:16 Feudal Age
15:25 Castle Age
13:12 Double-Bit Axe
15:34 Horse Collar
15:45 Gold Mining
17:06 Wheelbarrow
16:59 Bow Saw
18:45 Fishing Lines
20:25 Loom
26:47 Imperial Age
24:27 Fletching
24:23 Crossbowman
25:36 Bodkin Arrow
25:43 Padded Archer Armor
27:18 Thumb Ring
27:54 Bracer
28:09 Leather Archer Armor
27:44 Arbalester
29:46 Conscription
31:43 Herbalism
35:54 Ballistics
36:34 Chemistry
38:01 Squires
37:22 Champi Runner
38:37 Forging
38:28 Scale Mail Armor
38:28 Champi Warrior
38:35 Elite Temple Guard
38:54 Elite Guecha Warrior
40:10 Hoardings
_LY_purplered
1:03 Loom
12:41 Feudal Age
16:26 Castle Age
14:54 Fishing Lines
15:47 Double-Bit Axe
17:06 Gillnets
17:35 Bow Saw
22:17 Horse Collar
23:21 Stone Mining
23:22 Gold Mining
26:19 Wheelbarrow
28:52 Imperial Age
27:08 Gold Shaft Mining
27:13 Fortified Wall
27:38 Heavy Plow
27:51 Pikeman
28:31 Squires
28:51 Scale Mail Armor
29:02 Forging
28:48 Halberdier
30:00 Chain Mail Armor
30:51 Chemistry
30:06 Guilds
31:08 Iron Casting
31:03 Conscription
31:34 Heavy Scorpion
33:48 Plate Mail Armor
34:19 Blast Furnace
36:38 Capped Ram
38:15 Ballistics
37:32 Siege Ram
39:40 Fletching
41:31 Husbandry
40:52 Light Cavalry
41:46 Scale Barding Armor
Vic
0:42 Loom
16:01 Feudal Age
22:25 Castle Age
21:03 Horse Collar
21:19 Double-Bit Axe
24:46 Wheelbarrow
31:23 Bow Saw
34:37 Town Watch
37:36 Imperial Age
35:57 Fortified Wall
36:23 Thumb Ring
35:40 Elite Skirmisher
35:41 Crossbowman
36:28 Stone Mining
36:29 Gold Mining
38:22 Murder Holes
39:23 Conscription
41:04 Chemistry
40:58 Gold Shaft Mining
40:30 Squires
39:50 Pikeman
40:23 Arrowslits
40:29 Arbalester
41:38 Fletching
43:25 Bodkin Arrow
43:41 Masonry
43:12 Treadmill Crane
事后诸葛亮
0:26 Loom
10:37 Feudal Age
15:33 Castle Age
14:25 Double-Bit Axe
16:23 Horse Collar
22:50 Wheelbarrow
23:34 Bow Saw
23:37 Heavy Plow
24:01 Gold Mining
25:19 Hand Cart
26:20 Gold Shaft Mining
30:23 Imperial Age
28:34 Marauders
28:41 Scale Barding Armor
28:47 Forging
29:10 Fletching
29:20 Padded Archer Armor
29:50 Thumb Ring
29:56 Husbandry
30:07 Bloodlines
30:59 Bodkin Arrow
30:27 Heavy Cavalry Archer
31:33 Parthian Tactics
31:45 Ballistics
32:47 Chemistry
32:13 Chain Barding Armor
33:21 Bracer
33:36 Leather Archer Armor
34:16 Plate Barding Armor
35:56 Elite Tarkan
36:56 Conscription
39:09 Light Cavalry
39:51 Hussar
42:22 Iron Casting
Connection lost

Rejoining the realm…

Still unreachable

The connection could not be restored.

Session expired

The server has moved on; the page needs a fresh start.